 Dungeon Crawl Stone Soup version 0.18-a0-1730-g73f0523 (webtiles) character file.

2891 4thArraOfDagon the Cleaver (level 9, -14/82 HPs)
             Began as a Hill Orc Berserker on Apr 10, 2016.
             Was a Follower of Trog.
             Demolished by a white ugly thing (17 damage)
             ... on level 11 of the Dungeon.
             The game lasted 00:08:46 (1841 turns).

4thArraOfDagon the Cleaver (Hill Orc Berserker)     Turns: 1841, Time: 00:08:48

Health: -14/82     AC: 16    Str: 21    XL:     9   Next: 77%
Magic:  9/9        EV: 13    Int:  7    God:    Trog [*.....]
Gold:   90         SH:  0    Dex: 14    Spells: 0 memorised, 8 levels left

rFire  . . .     SeeInvis .     o - +1 battleaxe (freeze)
rCold  . . .     Gourm    .     b - +0 chain mail
rNeg   . . .     Faith    +     (shield currently unavailable)
rPois  .         Spirit   .     (no helmet)
rElec  .         Dismiss  .     m - +0 cloak
rCorr  .         Reflect  .     (no gloves)
SustAt .         Harm     .     (no boots)
MR     ++++.     Rnd*Rage +     q - amulet of faith
Stlth  ..........               (no ring)
                                j - ring of loudness (curse)

@: agile, exhausted, regenerating, slowed, very slow, incredibly resistant to
hostile enchantments, extremely unstealthy
A: rough black scales 1, berserk 1, blurry vision 1, magic resistance 2, robust
1, weak 1, wild magic 1
a: Berserk, Burn Spellbooks, Renounce Religion


You were on level 11 of the Dungeon.
You worshipped Trog.
Trog was aware of your devotion.
You were near starving.

You visited 1 branch of the dungeon, and saw 11 of its levels.

You collected 210 gold pieces.
You spent 120 gold pieces at shops.

Inventory:

Hand Weapons
 a - a +0 hand axe
 o - a +1 battleaxe of freezing (weapon)
Armour
 b - a +0 chain mail (worn)
 m - a +0 cloak (worn)
Jewellery
 j - a cursed ring of loudness (left hand)
 q - an amulet of faith (around neck)
Wands
 s - a wand of iceblast (6/15)
 t - a wand of flame (16/48)
 C - a wand of flame (35/48)
Scrolls
 e - a scroll of teleportation
 f - a scroll of remove curse {unknown}
 g - a scroll of blinking {unknown}
 l - a scroll of amnesia {unknown}
 n - a scroll of enchant weapon {unknown}
 p - a scroll of torment {unknown}
 r - a scroll of summoning {unknown}
 u - 2 scrolls of immolation {unknown}
 v - a scroll of holy word {unknown}
 w - 7 scrolls of identify {unknown}
 y - a scroll of random uselessness {unknown}
 D - a scroll of enchant armour {unknown}
Potions
 h - 4 potions of curing {unknown}
 i - a potion of brilliance {unknown}
 k - a potion of haste {unknown}
 z - a potion of heal wounds
Books
 x - a book of Unlife

   Spells                             Type                      Level
   a - Recall                         Summoning/Translocation      3
   b - Animate Dead                   Necromancy                   4
   c - Control Undead                 Necromancy                   4
   d - Cigotuvi's Embrace             Necromancy                   5
   e - Death Channel                  Necromancy                   6
   f - Simulacrum                     Ice/Necromancy               6
   Trog disapproves of the use of such an item.
Comestibles
 c - 4 bread rations
 d - a slice of pizza
 A - a meat ration


   Skills:
 - Level 6.0 Fighting
 * Level 13.4 Axes
 + Level 8.1 Armour
 - Level 1.5 Dodging


You had 8 spell levels left.
You didn't know any spells.

Dungeon Overview and Level Annotations

Branches:
Dungeon (11/15)
 Temple: D:4-7         Lair: D:8-11         Orc: D:9-12

Altars:
Gozag
Makhleb
Pakellas
Qazlal
Sif Muna
Trog
Yredelemnul

Shops:
D:8 =   D:9 }!

Annotations:
D:10 FrancescoMac's ghost, novice DsAK


Innate Abilities, Weirdness & Mutations

You are partially covered in rough black scales (AC +4, Dex -1).
You tend to lose your temper in combat.
Scrolls take you a little longer to read.
You are highly resistant to hostile enchantments.
You are robust (+10% HP).
You are weak. (Str -2)
Your spells are a little harder to cast, but a little more powerful.


Message History

Your skin crawls.
You feel resistant to hostile enchantments.
You are near starving!
You can no longer call upon Trog for regeneration and protection from hostile enchantments.
The white ugly thing bites you but does no damage.
The white ugly thing closely misses you.
Unknown command.
You completely miss the white ugly thing.
The white ugly thing is almost dead.
The white ugly thing completely misses you.
Unknown command.
Unknown command.
You closely miss the white ugly thing.
The white ugly thing is almost dead.
The white ugly thing bites you! The white ugly thing freezes you!!
* * * LOW HITPOINT WARNING * * *
The white ugly thing bites you.
* * * LOW HITPOINT WARNING * * *
The white ugly thing freezes you!
You die...

##............≈≈≈.....
##.............≈≈≈.....
##......≈≈≈.............
.#..(....≈≈≈.............
.........≈≈≈.............
.........................
................<....)≈≈≈
..............(<.<....≈≈≈
................@.....≈≈≈
................u........
.........≈≈≈.............
.#.......≈≈≈.............
###......≈≈≈.............
##.............≈≈≈.....
##............≈≈≈.....
#.............≈≈≈....
#.....................


You could see a white ugly thing.

Vanquished Creatures
  A hill giant (D:10)
  A water elemental (D:11)
  A vampire (D:11)
  A wraith (D:11)
  3 yaks (D:9)
  An ice beast (D:9)
  2 sky beasts
  3 ogres
  2 centaurs
  3 scorpions
  7 wights (D:8)
  A crimson imp (D:5)
  3 giant frog skeletons
  A jelly (D:5)
  A giant frog zombie (D:8)
  A hound (D:7)
  2 orc wizards
  An iguana (D:8)
  2 worker ants (D:5)
  A hound skeleton (D:9)
  A worker ant zombie (D:10)
  3 adders (D:5)
  An adder skeleton (D:7)
  A dart slug (D:3)
  A giant gecko (D:1)
  6 orcs
  A goblin (D:1)
  5 jackals (D:5)
  A ball python (D:1)
  A bat (D:2)
59 creatures vanquished.

Notes
Turn   | Place    | Note
--------------------------------------------------------------
     0 | D:1      | 4thArraOfDagon the Hill Orc Berserker began the quest for the Orb.
     0 | D:1      | Reached XP level 1. HP: 19/19 MP: 1/1
   242 | D:3      | Reached XP level 2. HP: 18/27 MP: 2/2
   258 | D:4      | Found a basalt altar of Yredelemnul.
   271 | D:4      | Noticed an ogre
   280 | D:4      | Killed an ogre
   280 | D:4      | Reached skill level 5 in Axes
   280 | D:4      | Reached XP level 3. HP: 34/34 MP: 3/3
   280 | D:4      | Reached XP level 4. HP: 41/41 MP: 4/4
   344 | D:5      | Entered Level 5 of the Dungeon
   369 | D:5      | Reached XP level 5. HP: 47/47 MP: 5/5
   373 | D:5      | Reached skill level 6 in Axes
   411 | D:4      | Found a bloodstained altar of Trog.
   441 | D:5      | Found a basalt altar of Yredelemnul.
   450 | D:5      | Reached skill level 5 in Fighting
   453 | D:5      | Reached ** piety under Trog
   454 | D:5      | Reached XP level 6. HP: 56/56 MP: 6/6
   504 | D:5      | Reached skill level 7 in Axes
   587 | D:6      | Found a burning altar of Makhleb.
   587 | D:6      | Noticed an ice beast
   693 | D:8      | Reached XP level 7. HP: 61/61 MP: 7/7
   699 | D:8      | Reached skill level 8 in Axes
   713 | D:8      | Found a deep blue altar of Sif Muna.
   774 | D:8      | Found Foriab's Jewellery Emporium.
   824 | D:8      | Reached skill level 5 in Armour
   870 | D:7      | Reached skill level 9 in Axes
   870 | D:7      | Reached XP level 8. HP: 46/70 MP: 8/8
   927 | D:6      | Reached skill level 10 in Axes
   942 | D:6      | Gained mutation: You are resistant to hostile enchantments. [mutagenic meat]
   943 | D:6      | Gained mutation: Potions and wands are less effective at restoring your health. [mutagenic meat]
   944 | D:6      | Gained mutation: Scrolls take you a little longer to read. [mutagenic meat]
   945 | D:6      | Gained mutation: You are partially covered in rough black scales (AC +4, Dex -1). [mutagenic meat]
  1078 | D:9      | Found a stormy altar of Qazlal.
  1139 | D:9      | Found an oddly glowing altar of Pakellas.
  1139 | D:9      | Found Pakellas's Prime Provisions.
  1183 | D:9      | Noticed a yak
  1198 | D:9      | Killed a yak
  1212 | D:9      | Noticed a yak
  1212 | D:9      | Noticed a yak
  1217 | D:9      | Killed a yak
  1219 | D:9      | Reached skill level 11 in Axes
  1220 | D:9      | Killed a yak
  1311 | D:9      | Reached XP level 9. HP: 75/75 MP: 9/9
  1314 | D:9      | Found an opulent altar of Gozag.
  1365 | D:9      | Found Himp's Distillery.
  1376 | D:9      | Bought a potion of heal wounds for 60 gold pieces
  1376 | D:9      | Bought a potion of agility for 48 gold pieces
  1376 | D:9      | Bought a potion of degeneration for 12 gold pieces
  1414 | D:10     | Entered Level 10 of the Dungeon
  1415 | D:10     | Noticed a hill giant
  1424 | D:10     | Killed a hill giant
  1424 | D:10     | Reached skill level 12 in Axes
  1496 | D:10     | Noticed FrancescoMac's ghost (novice DsAK)
  1611 | D:10     | Lost mutation: Potions and wands are less effective at restoring your health. [mutagenic meat]
  1612 | D:10     | Gained mutation: You are weak. (Str -2) [mutagenic meat]
  1613 | D:10     | Gained mutation: You tend to lose your temper in combat. [mutagenic meat]
  1614 | D:10     | Gained mutation: You are highly resistant to hostile enchantments. [mutagenic meat]
  1615 | D:10     | Gained mutation: Your spells are a little harder to cast, but a little more powerful. [mutagenic meat]
  1616 | D:10     | Gained mutation: You are robust (+10% HP). [mutagenic meat]
  1668 | D:11     | Reached skill level 13 in Axes
  1805 | D:11     | Noticed a white ugly thing
  1841 | D:11     | HP: 3/82 [white ugly thing (4)]
  1841 | D:11     | Demolished by a white ugly thing

Vault maps used:
D:1:      saegor_arrival_simple_e
D:3:      old_standard_altar, first_bread, minivault_27
D:4:      kennysheep_mini_moat, yredelemnul_altar_generic,
          nicolae_ru_awakened_eye
D:5:      minmay_temple_entry_nine_rooms, lemuel_tele_altar
D:6:      lightli_temple_of_fire, kennysheep_mini, uniq_grinder, uniq_sigmund
D:7:      kennysheep_little_box, basic_altar
D:8:      serial_shops, shop, basic_altar
D:9:      lemuel_ice_spiral_2, overflow_temple_1_default, grunt_qazlal_clouds,
          serial_shops, shop, johnstein_pakellas_shop
D:10:     hangedman_abyss_or_decor_lesser_grid
D:11:     dpeg_oklobed_lair, orc_0_dummy, serial_shops, shop, grunt_ogre_cave,
          nicolae_gozag_cash_rules_everything_around_me, uniq_erolcha,
          uniq_erica

Skill      XL: |  1  2  3  4  5  6  7  8  9 |
---------------+----------------------------+-----
Fighting       | 4 5 6 |  6.0
Axes           | 5 6 7 9 11 13 | 13.4
Armour         | 3 4 5 6 8 |  8.1
Dodging        | |  1.5

Action                   |  1- 3 |  4- 6 |  7- 9 || total
-------------------------+-------+-------+-------++-------
Melee: Hand axe          |    26 |    48 |     7 ||    81
       Battleaxe         |       |       |   114 ||   114
Invok: Berserk           |     1 |     5 |     6 ||    12
       Trog's Hand       |       |       |     7 ||     7
  Use: Potion            |     1 |       |     2 ||     3
       Scroll            |       |     1 |     1 ||     2
  Eat: Chunk             |       |     5 |    18 ||    23
       Royal jelly       |       |       |     1 ||     1
